 Dungeon Crawl Stone Soup version 0.30-a0-696-g2367cd04db (webtiles) character file.

Game seed: 10553746645667250187

193334 jlumianski the End of an Era (level 17, -6/140 HPs)
             Began as a Demonspawn Fighter on Jan 12, 2023.
             Was the Champion of Qazlal.
             Mangled by an alligator snapping turtle (20 damage)
             ... on level 3 of the Shoals on Jan 20, 2023.
             The game lasted 02:26:01 (30298 turns).

jlumianski the End of an Era (Demonspawn Fighter)  Turns: 30298, Time: 02:26:01

Health: -6/140     AC: 37    Str: 29    XL:     17   Next: 64%
Magic:  0/29       EV:  8    Int: 11    God:    Qazlal [******]
Gold:   2072       SH: 26    Dex: 15    Spells: 16/16 levels left

rFire   + . .      SeeInvis .    O - +9 broad axe (elec)
rCold   + . .      Faith    .    V - +1 tower shield {reflect}
rNeg    . . .      Spirit   +    b - +7 chain mail of the Ladybird {Int+2}
rPois   .          Reflect  +    y - +2 hat
rElec   .          Harm     .    r - scarf {rC+ rF+}
rCorr   .          Rampage  .    A - +0 pair of gloves {hurl}
Will    ++...                    (no boots) Stlth
                                 F - amulet of regeneration
HPRegen 1.23/turn                W - +6 ring of strength
MPRegen 0.42/turn                l - ring of willpower

@: about to teleport, protected from physical damage, sanguine armoured,
invisible, repel missiles
A: hooves 2, foul stench 1, magic shield, magic regeneration, magic link,
sanguine armour 3, deterioration 1
}: 1/15 runes: serpentine
a: Renounce Religion, Upheaval, Elemental Force, Disaster Area


You were on level 3 of the Shoals.
You worshipped Qazlal.
Qazlal was exalted by your worship.
You visited 6 branches of the dungeon, and saw 30 of its levels.

You collected 3114 gold pieces.
You spent 1042 gold pieces at shops.

Inventory:

Hand Weapons
 s - the +7 war axe "Ucorr" {flame, rElec Will+ Str-3 Stlth+}
   (You acquired it on level 6 of the Dungeon)

   Str:       It affects your strength (-3).
   rElec:     It insulates you from electricity.
   Will:      It increases your willpower.
   Stlth:     It makes you more stealthy.
 B - the +5 demon whip "Spellbinder" {antimagic, disrupt, Will+}
   (You took it off a centaur on level 3 of the Lair of Beasts)

   Will:      It increases your willpower.
 O - a +9 broad axe of electrocution (weapon)
 T - the +7 whip "Qapemeh" {speed, *Noise Will+++ Int+6}
   (You found it on level 3 of the Lair of Beasts)

   Int:       It affects your intelligence (+6).
   *Noise:    It may make noises in combat.
   Will:      It greatly increases your willpower.
Missiles
 z - 20 boomerangs (quivered)
 G - 5 boomerangs of dispersal
 U - 12 javelins
 Y - 5 atropa-tipped darts
Armour
 b - the +7 chain mail of the Ladybird (worn) {Int+2}
   (You found it on level 4 of the Lair of Beasts)

   Int:       It affects your intelligence (+2).
 n - a +0 cloak of poison resistance
 r - a scarf of resistance (worn)
 y - a +2 hat (worn)
 A - a +0 pair of gloves of hurling (worn)
 V - a +1 tower shield of reflection (worn)
Jewellery
 c - a ring of willpower
 g - a ring of resist corrosion
 i - the ring "Cusyl" {rF+ Int+6}
   (You took it off a tengu reaver on level 11 of the Dungeon)

   [ring of intelligence]

   Int:       It affects your intelligence (+6).
   rF:        It protects you from fire.
 l - a ring of willpower (right hand)
 v - a ring of ice
 F - an amulet of regeneration (around neck)
 N - a ring of protection from cold
 W - a +6 ring of strength (left hand)
Wands
 a - a wand of charming (29)
 f - a wand of mindburst (10)
 x - a wand of roots (15)
 S - a wand of light (9)
Scrolls
 j - 2 scrolls of immolation
 u - 2 scrolls of blinking
 w - 15 scrolls of teleportation
 C - 7 scrolls of fog
 D - 4 scrolls of poison
 L - 4 scrolls of fear
 P - 2 scrolls of silence
 X - 9 scrolls of identify
Potions
 d - 4 potions of might
 h - 8 potions of curing
 k - a potion of heal wounds
 t - 3 potions of flight
 H - 3 potions of haste
 J - 3 potions of cancellation
 K - a potion of resistance
 M - 2 potions of invisibility
 Q - 2 potions of berserk rage
Miscellaneous
 e - a lightning rod (4/4)
 o - a tin of tremorstones (inert)


   Skills:
 * Level 14.8 Fighting
 + Level 16.0 Axes
 - Level 3.3 Throwing
 + Level 11.6 Armour
 + Level 3.5 Dodging
 - Level 0.3 Stealth
 + Level 11.4 Shields
 * Level 16.1 Invocations
 * Level 10.8 Evocations


You had 16 spell levels left.
You didn't know any spells.
Your spell library contained the following spells:

 Spells                   Type           Power      Damage    Failure   Level
 Necrotise                Necr           0%         1d4       100%        1
 Sandblast                Erth           0%         2d4       100%        1
 Shock                    Conj/Air       0%         1d3       100%        1
 Sting                    Tmut/Pois      0%         1d3       100%        1
 Blink                    Tloc           0%         N/A       100%        2
 Passwall                 Tmut/Erth      0%         N/A       100%        2
 Poisonous Vapours        Pois/Air       0%         N/A       100%        2
 Scorch                   Fire           0%         2d5       100%        2
 Sublimation of Blood     Necr           0%         N/A       100%        2
 Dazzling Flash           Conj/Hex       0%         N/A       100%        3
 Frozen Ramparts          Ice            0%         1d1       100%        3
 Inner Flame              Hex/Fire       0%         N/A       100%        3
 Kindle Blastsparks       Fire/Tloc/Air  0%         2d10      100%        3
 Portal Projectile        Hex/Tloc       0%         N/A       100%        3
 Stone Arrow              Conj/Erth      0%         3d7       100%        3
 Swiftness                Air            0%         N/A       100%        3
 Tukima's Dance           Hex            0%         N/A       100%        3
 Vampiric Draining        Necr           0%         2d6       100%        3
 Airstrike                Air            0%         2d(0-16)  100%        4
 Animate Armour           Summ/Erth      0%         N/A       100%        4
 Cause Fear               Hex            0%         N/A       100%        4
 Flame Wave               Conj/Fire      0%         2d4       100%        4
 Fulminant Prism          Conj/Hex       0%         3d5       100%        4
 Ice Form                 Ice/Tmut       0%         N/A       100%        4
 Iskenderun's Mystic Bla  Conj/Tloc      0%         2d3       100%        4
 Leda's Liquefaction      Hex/Erth       0%         N/A       100%        4
 Manifold Assault         Tloc           0%         N/A       100%        4
 Olgreb's Toxic Radiance  Pois           0%         N/A       100%        4
 Passage of Golubria      Tloc           0%         N/A       100%        4
 Petrify                  Tmut/Erth      0%         N/A       100%        4
 Summon Ice Beast         Ice/Summ       0%         N/A       100%        4
 Agony                    Necr           0%         N/A       100%        5
 Blade Hands              Tmut           0%         N/A       100%        5
 Irradiate                Conj/Tmut      0%         3d11      100%        5
 Lee's Rapid Deconstruct  Erth           0%         3d4*      100%        5
 Metabolic Englaciation   Hex/Ice        0%         N/A       100%        5
 Silence                  Hex/Air        0%         N/A       100%        5
 Summon Forest            Summ/Tloc      0%         N/A       100%        5
 Summon Mana Viper        Hex/Summ       0%         N/A       100%        5
 Yara's Violent Unravell  Hex/Tmut       0%         3d3       100%        5
 Dispersal                Tloc           0%         N/A       100%        6
 Statue Form              Tmut/Erth      0%         N/A       100%        6
 Summon Cactus Giant      Summ           0%         N/A       100%        6
 Storm Form               Tmut/Air       0%         N/A       100%        7
 Discord                  Hex            0%         N/A       100%        8
 Disjunction              Tloc           0%         N/A       100%        8
 Lehudib's Crystal Spear  Conj/Erth      0%         10d2      100%        8


Dungeon Overview and Level Annotations

Branches:
Dungeon (15/15)            Temple (1/1) D:4            Lair (5/5) D:11
 Shoals (3/4) Lair:3        Snake (4/4) Lair:2        Slime (0/5) Lair:4
    Orc (2/2) D:12            Elf (0/3) Orc:2        Vaults (0/5) D:14
 Depths (0/4) D:15

Altars:
Ashenzari
Cheibriados
Dithmenos
Fedhas
Gozag
Hepliaklqana
Kikubaaqudgha
Makhleb
Nemelex Xobeh
Okawaru
Qazlal
Ru
Sif Muna
Trog
Uskayaw
Vehumet
Wu Jian
Xom
Yredelemnul
Jiyva
Lugonu

Shops:
D:1 (   Orc:2 =*[(   Shoals:2 [   Snake:4 [

Portals:
Abyss: Lair:5

Annotations:
D:3 3 runed translucent doors, avis's ghost, amateur DgWr
D:15 exclusion: obsidian statue
Shoals:3 Ilsuiw


Innate Abilities, Weirdness & Mutations

You have hoof-like feet.
You may rarely emit foul miasma when damaged in melee.
When hurt, damage is shared between your health and your magic reserves.
You regenerate magic rapidly.
When low on magic, you restore magic in place of health.
When seriously injured, your blood forms very thick armour. (AC +12)
Your body sometimes deteriorates upon taking damage.


Message History

The merfolk impaler is almost dead.
You hit the merfolk.
You block the merfolk impaler's attack. x2
You block the merfolk's attack.
You slice the merfolk impaler!!
Lightning courses through the merfolk impaler!
You kill the merfolk impaler!
Qazlal accepts your kill.
You slice the merfolk!! Lightning courses through the merfolk!
You hear an angry hiss.
The alligator snapping turtle bites you from afar!!
* * * LOW HITPOINT WARNING * * *
Ilsuiw is engulfed in blazing flames.
You block Ilsuiw's attack. The merfolk hits you with a +0 trident.
You emit a cloud of foul miasma!
You feel your strength returning.
Okay, then.
As you read the scroll of teleportation, it crumbles to dust.
You feel strangely unstable.
The snapping turtle bites you from afar!
* * * LOW HITPOINT WARNING * * *
You block the alligator snapping turtle's attack.
Ilsuiw mumbles some strange words.
Ilsuiw flickers and vanishes!
Deactivating autopickup; reactivate with Ctrl-A.
The merfolk is engulfed in dark miasma.
The merfolk is poisoned.
The merfolk seems to slow down.
You kill the merfolk!
Qazlal accepts your kill.
You feel much better.
You hear an angry hiss.
The snapping turtle bites you from afar.
* * * LOW HITPOINT WARNING * * *
You block the alligator snapping turtle's attack.
Something hits you.
* * * LOW HITPOINT WARNING * * *
You feel more protected from physical attacks.
You block the merfolk impaler's attack.
You fade into invisibility!
You block the snapping turtle's attack. You block the merfolk impaler's attack.
The alligator snapping turtle bites you from afar!!
You die...

*,,~~~~,,,,,,,,,...~~~~~~~~~~,,,~
*,,,,,,,,,,,,,,,...~~~~~~~~~~,,,~
***,,,,,,,,,,,,,....~~~≈~~~,~,,~~
,**,~,,,,,,,,,*,....~~≈≈~~~~~~,~~
,*,,,,,,,,,,,*##....~~≈≈~~~~~~~~~
,,,,,,,,,,,,*,#)#...~~≈≈~~~~~~~~~
,,,,,,,,,,,,,,#.§.t.~~≈≈~~~~~~~~~
~~~~,,,,,,,,,,#°.○°m.~≈≈~~~~~~~~~
~~~~~,,,,,,,,,#)@)m..~≈≈~~~~~~~~~
~~~~~~~~~~,,,,#§§.○..~≈≈~~~~~~~~~
~~~~~~~~~~~.mmt{☼...~~≈≈~~~~~~~~~
~~~~~~~~≈≈≈~~......~~~≈≈~~~~~~~~~
~~~~~~~~≈≈≈≈~~~~~~~~≈≈≈≈~~~~~~~~~
~~~~~~~~≈≈≈≈≈~~~~~~≈≈≈≈≈~~~~~~~~~
~~~~~~~~≈≈≈≈≈≈≈≈≈≈≈≈≈≈≈≈~~~~~~~~~
~~~~~~~~≈≈≈≈≈≈≈≈≈≈≈≈≈≈≈≈~~~~~~~~~
~~~~~~~~≈≈≈≈≈≈≈≈≈≈≈≈≈≈≈~~~~~~~~~~


You could see an alligator snapping turtle (unable to see you), a merfolk
impaler (unable to see you), a snapping turtle (unable to see you) and 2
merfolk.

Vanquished Creatures
  Vashnia (Snake:2)
  Saint Roka (Orc:1)
  Nikola (Shoals:2)
  Jorgrun (Orc:2)
  Asterion (Snake:1)
  Frances (Snake:2)
  A tengu reaver (D:11)
  Roxanne (Snake:2)
  Donald (Orc:1)
  12 nagarajas (Snake:4)
  Louise (D:15)
  An orc warlord (Orc:2)
  Snorg (Orc:2)
  An ettin (D:11)
  2 fire dragons
  5 merfolk impalers
  2 merfolk javelineers
  The ghost of Figabreb the Skirmisher, a journeyman DgIE (Lair:2)
  Fannar (D:10)
  4 hydras
  2 salamander tyrants (Snake:4)
  5 anacondas
  Erica (Lair:2)
  A catoblepas (Lair:2)
  5 two-headed ogres
  An alligator snapping turtle (Shoals:1)
  6 centaur warriors
  4 boulder beetles
  2 tengu warriors (D:15)
  A merfolk avatar (Shoals:3)
  A satyr (Shoals:1)
  5 death yaks (Lair:5)
  17 naga sharpshooters
  15 naga warriors
  3 thrashing horrors (Lair:5)
  4 orc high priests
  3 shock serpents
  Sonja (Lair:1)
  Nergalle (Lair:1)
  Amaemon (D:11)
  2 skeletal warriors
  A naga ritualist (Snake:2)
  2 salamander mystics
  3 large abominations (Lair:5)
  3 wizards
  4 sea snakes
  A phantasmal warrior (D:14)
  A deep elf pyromancer (D:13)
  2 lindwurms (Lair:3)
  4 orc knights
  11 harpies
  7 mana vipers
  3 orc sorcerers (Orc:2)
  5 fauns
  7 salamanders
  6 cyclopes
  11 manticores
  7 ugly things
  A frost giant zombie (D:15)
  2 frost giant skeletons (D:15)
  A moth of wrath (Lair:2)
  A sphinx skeleton (D:15)
  6 elephants (Lair:5)
  A guardian serpent (shapeshifter) (D:14)
  Maurice (D:9)
  19 black mambas
  5 naga magi
  5 guardian serpents
  2 smoke demons (Lair:5)
  2 torpor snails (Lair:4)
  An orange demon (Lair:1)
  A gargoyle (D:10)
  3 water nymphs
  12 cane toads
  An unseen horror (D:10)
  2 rime drakes
  A freezing wraith (D:14)
  2 kobold demonologists
  4 komodo dragons
  2 ancient zymes (Lair:5)
  A queen bee (shapeshifter) (D:14)
  A polar bear (Lair:1)
  6 wind drakes
  18 merfolk
  8 trolls
  12 blink frogs (Lair:5)
  2 tarantellas (Lair:3)
  Grinder (D:3)
  17 dream sheep
  4 snapping turtles
  11 slime creatures
  2 jumping spiders (Lair:3)
  3 shadows
  35 yaks
  3 ynoxinuls (Lair:5)
  4 wraiths
  Eustachio (D:4)
  3 water elementals
  4 wyverns
  11 basilisks
  7 vampire mosquitoes (D:11)
  A steam dragon (D:8)
  3 wargs (Orc:2)
  Edmund (D:6)
  18 nagas
  11 water moccasins
  10 small abominations (Lair:5)
  35 orc warriors
  6 black bears
  4 ice beasts
  A sky beast (shapeshifter) (Lair:5)
  A black bear (shapeshifter) (Lair:5)
  3 ogres
  11 centaurs
  9 wolves
  3 boggarts (D:14)
  4 kobold brigands
  2 necrophages
  8 bullfrogs
  A gnoll sergeant (Orc:1)
  A scorpion (D:5)
  7 wights
  15 killer bees
  6 howler monkeys
  7 electric eels
  A lava snake (Lair:3)
  5 jellies
  Crazy Yiuf (D:3)
  18 orc priests
  4 hounds
  3 gnoll boudas
  Terence (D:3)
  5 hell rats
  37 orc wizards
  18 gnolls
  5 adders
  A shadow imp (D:7)
  An ufetubus (D:5)
  2 worms
  A dart slug (D:2)
  74 orcs
  7 ball pythons
  8 bats
  9 endoplasms
  2 giant cockroaches
  3 goblins
  5 hobgoblins
  5 jackals
  17 kobolds
  2 quokkas (D:1)
  5 frilled lizards
  6 rats
842 creatures vanquished.

Vanquished Creatures (collateral kills)
  Rupert (Lair:3)
  A nagaraja (Snake:4)
  A merfolk impaler (Shoals:2)
  A merfolk avatar (Shoals:2)
  A flayed ghost (D:15)
  A necromancer (D:15)
  An oklob plant (Lair:5)
  A black mamba (Snake:3)
  A naga mage (Snake:3)
  4 merfolk (Shoals:2)
  An orc (Orc:1)
14 creatures vanquished.

Vanquished Creatures (others)
  A naga sharpshooter (Snake:4)
  A harpy (Shoals:3)
  A manticore (Shoals:3)
  A merfolk siren (Shoals:3)
  An orc warrior (Orc:2)
  4 fungi
  71 plants
  5 withered plants (D:15)
85 creatures vanquished.

Grand Total: 941 creatures vanquished

Notes
Turn   | Place    | Note
-------+----------+-------------------------------------------
     0 | D:1      | jlumianski the Demonspawn Fighter began the quest for the
                  | Orb.
     0 | D:1      | Reached XP level 1. HP: 18/18 MP: 1/1
   110 | D:1      | Found Ynkubrie's Weapon Emporium.
   393 | D:1      | Gained mutation: You have large cloven feet. [demonic
                  | ancestry]
   393 | D:1      | Reached XP level 2. HP: 19/24 MP: 2/2
  1133 | D:2      | Reached XP level 3. HP: 29/29 MP: 3/3
  1276 | D:3      | Noticed avis's ghost (amateur DgWr)
  1290 | D:3      | Noticed Terence
  1306 | D:3      | Killed Terence
  1728 | D:3      | Found a radiant altar of Vehumet.
  1740 | D:3      | Gained mutation: When seriously injured, your blood forms
                  | armour. (AC +12) [demonic ancestry]
  1740 | D:3      | Reached XP level 4. HP: 35/35 MP: 4/4
  2174 | D:3      | Found a runed translucent gate.
  2174 | D:3      | Found a runed translucent gate.
  2174 | D:3      | Found a runed translucent gate.
  2284 | D:3      | Noticed Grinder
  2311 | D:3      | Killed Grinder
  2312 | D:3      | Gained mutation: When seriously injured, your blood forms
                  | thick armour. (AC +12) [demonic ancestry]
  2312 | D:3      | Reached XP level 5. HP: 8/41 MP: 5/5
  2312 | D:3      | Gained mutation: You may rarely emit foul miasma when
                  | damaged in melee. [demonic ancestry]
  2312 | D:3      | Reached XP level 6. HP: 9/47 MP: 6/6
  2591 | D:3      | Found a runed translucent door.
  2592 | D:3      | Noticed Crazy Yiuf
  3003 | D:3      | Killed Crazy Yiuf
  3345 | D:4      | Noticed an orc warrior
  3356 | D:4      | Killed an orc warrior
  3391 | D:4      | Gained mutation: You regenerate magic rapidly. [demonic
                  | ancestry]
  3391 | D:4      | Reached XP level 7. HP: 13/53 MP: 7/7
  3586 | D:4      | Reached skill level 5 in Axes
  3746 | D:5      | Entered Level 5 of the Dungeon
  3942 | D:4      | Found a staircase to the Ecumenical Temple.
  3949 | Temple   | Entered the Ecumenical Temple
  4733 | D:5      | Reached skill level 5 in Armour
  4733 | D:5      | Reached XP level 8. HP: 53/61 MP: 8/8
  5030 | D:5      | Found a broken altar of Ashenzari.
  5256 | D:5      | Noticed Eustachio
  5291 | D:4      | Killed Eustachio
  5292 | D:4      | Reached skill level 1 in Throwing
  5567 | D:6      | Reached skill level 1 in Dodging
  6078 | D:6      | Reached skill level 5 in Fighting
  6248 | D:6      | Reached XP level 9. HP: 49/68 MP: 9/9
  6347 | D:6      | Found a shimmering blue altar of Sif Muna.
  6503 | D:6      | Noticed Edmund
  6515 | D:6      | Killed Edmund
  6780 | D:6      | Found a hazy altar of Hepliaklqana.
  7004 | D:6      | Identified a scroll of acquirement
  7004 | D:6      | Acquired the +7 war axe "Ucorr" {flame, rElec Will+ Str-3
                  | Stlth+}
  7512 | D:7      | Found a stormy altar of Qazlal.
  7515 | D:7      | Became a worshipper of Qazlal Stormbringer
  7912 | D:8      | Reached skill level 1 in Invocations
  8267 | D:8      | Reached skill level 5 in Shields
  8337 | D:8      | Gained mutation: You have hoof-like feet. [demonic
                  | ancestry]
  8337 | D:8      | Reached XP level 10. HP: 75/77 MP: 12/12
  8877 | D:9      | Noticed Maurice
  8896 | D:9      | Reached * piety under Qazlal
  8914 | D:9      | Killed Maurice
  9068 | D:9      | Reached skill level 5 in Invocations
  9122 | D:9      | Noticed a two-headed ogre
  9144 | D:9      | Killed a two-headed ogre
  9145 | D:9      | Reached skill level 10 in Axes
  9153 | D:10     | Entered Level 10 of the Dungeon
  9235 | D:9      | Reached ** piety under Qazlal
  9540 | D:9      | Found an ornate altar of the Wu Jian Council.
  9885 | D:10     | Gained mutation: When hurt, damage is shared between your
                  | health and your magic reserves. [demonic ancestry]
  9885 | D:10     | Reached XP level 11. HP: 81/84 MP: 15/15
 10311 | D:11     | Noticed a red ugly thing
 10480 | D:10     | Noticed Fannar
 10495 | D:10     | Killed Fannar
 10789 | D:11     | Reached *** piety under Qazlal
 10798 | D:11     | Noticed a cyan ugly thing
 10799 | D:11     | Noticed a two-headed ogre
 10828 | D:11     | HP: 2/86 [vampire mosquito (4)]
 10845 | D:11     | HP: 3/86 [something (10)]
 10965 | D:10     | Killed a two-headed ogre
 10999 | D:10     | Killed a red ugly thing
 11179 | D:10     | Killed a cyan ugly thing
 11180 | D:10     | Reached XP level 12. HP: 75/94 MP: 14/18
 11327 | D:11     | Found a staircase to the Lair.
 11397 | D:11     | Upgraded the game from 0.30-a0-626-gd6a5dd7a1f to
                  | 0.30-a0-639-g3916f1956a
 11438 | D:11     | Noticed a two-headed ogre
 11445 | D:11     | Killed a two-headed ogre
 11494 | D:11     | Noticed a fire dragon
 11506 | D:11     | Killed a fire dragon
 11675 | D:11     | Noticed a two-headed ogre
 11680 | D:11     | Killed a two-headed ogre
 11686 | D:11     | Noticed an ettin
 11692 | D:11     | Killed an ettin
 11694 | D:11     | Identified the ring "Cusyl" {rF+ Int+6}
 11694 | D:11     | Noticed a tengu reaver
 11805 | D:11     | Killed a tengu reaver
 11868 | D:11     | Identified the amulet "Fuiw Koa" {RegenMP rElec Will-
                  | rCorr}
 12201 | D:12     | Noticed a boulder beetle
 12229 | D:12     | Killed a boulder beetle
 12282 | D:12     | Found a staircase to the Orcish Mines.
 12460 | D:11     | Reached skill level 1 in Evocations
 12983 | D:13     | Noticed a centaur warrior
 12993 | D:13     | Killed a centaur warrior
 12994 | D:13     | Reached skill level 10 in Invocations
 13384 | D:13     | Reached **** piety under Qazlal
 13451 | D:14     | Noticed a centaur warrior
 13507 | D:13     | Killed a centaur warrior
 13545 | D:13     | Gained mutation: When seriously injured, your blood forms
                  | very thick armour. (AC +12) [demonic ancestry]
 13545 | D:13     | Reached XP level 13. HP: 103/103 MP: 20/20
 13548 | D:14     | Found a hide-covered altar of Uskayaw.
 13582 | D:14     | Reached skill level 10 in Fighting
 13703 | D:15     | Entered Level 15 of the Dungeon
 14096 | D:14     | Noticed a fire dragon
 14115 | D:14     | Killed a fire dragon
 14374 | D:14     | Found a gate to the Vaults.
 14508 | D:15     | Found a staircase to the Depths.
 15173 | D:15     | Noticed Louise
 15527 | D:15     | Killed Louise
 15740 | Lair:1   | Entered Level 1 of the Lair of Beasts
 15741 | Lair:1   | Noticed Sonja
 15786 | Lair:1   | Killed Sonja
 15917 | Lair:1   | Got Ophac's Compilation of Portals
 15980 | Lair:1   | Noticed Nergalle
 15984 | Lair:1   | Noticed Amaemon
 16143 | D:11     | Killed Amaemon
 16144 | D:11     | Reached skill level 5 in Evocations
 16190 | Lair:1   | Killed Nergalle
 16832 | Lair:3   | Reached XP level 14. HP: 112/113 MP: 22/22
 17307 | Lair:2   | Noticed Erica
 17314 | Lair:2   | Killed Erica
 17409 | Lair:2   | Found a transporter.
 17411 | Lair:2   | Noticed Figabreb's ghost (journeyman DgIE)
 17456 | Lair:2   | Found a transporter.
 17538 | Lair:2   | Found a staircase to the Snake Pit.
 17778 | Lair:2   | Killed Figabreb's ghost
 18084 | Lair:3   | Found a staircase to the Shoals.
 18155 | Lair:3   | Upgraded the game from 0.30-a0-639-g3916f1956a to
                  | 0.30-a0-696-g2367cd04db
 18455 | Lair:3   | Found a runed translucent door.
 18537 | Lair:4   | Noticed Rupert
 18551 | Lair:3   | Killed Rupert
 18970 | Lair:3   | Identified the +7 whip "Qapemeh" {speed, *Noise Will+++
                  | Int+6}
 18979 | Lair:3   | Found a runed translucent gate.
 18979 | Lair:3   | Found a runed translucent gate.
 18979 | Lair:3   | Found a runed translucent gate.
 18979 | Lair:3   | Found a runed translucent gate.
 18980 | Lair:3   | Found a runed translucent gate.
 18982 | Lair:3   | Found a runed translucent gate.
 19324 | Lair:4   | Identified the +7 chain mail of the Ladybird {Int+2}
 19425 | Lair:5   | Entered Level 5 of the Lair of Beasts
 19431 | Lair:5   | Reached skill level 10 in Armour
 19573 | Lair:4   | Reached ***** piety under Qazlal
 19623 | Lair:4   | Found a viscous altar of Jiyva.
 19623 | Lair:4   | Found a staircase to the Slime Pits.
 19729 | Lair:5   | Found a bloodstained altar of Trog.
 20479 | Lair:5   | Reached XP level 15. HP: 61/122 MP: 13/24
 21347 | Lair:5   | Found a corrupted altar of Lugonu.
 21352 | Lair:5   | Found a one-way gate to the infinite horrors of the Abyss.
 21902 | Orc:1    | Entered Level 1 of the Orcish Mines
 22287 | Orc:2    | Entered Level 2 of the Orcish Mines
 22310 | Orc:2    | Noticed Donald
 22313 | Orc:2    | Noticed Jorgrun
 22325 | Orc:2    | Killed Jorgrun
 22434 | Orc:1    | Killed Donald
 22590 | Orc:2    | Noticed Snorg
 22593 | Orc:2    | Noticed Saint Roka
 22619 | Orc:2    | Killed Snorg
 22739 | Orc:1    | Reached ****** piety under Qazlal
 22746 | Orc:1    | Killed Saint Roka
 22915 | Orc:2    | Gained mutation: Your body sometimes deteriorates upon
                  | taking damage. [a neqoxec]
 23288 | Orc:2    | Found Giutonif's General Store.
 23289 | Orc:2    | Found Salyosycw's Jewellery Boutique.
 23291 | Orc:2    | Found Xurrap's Antique Armour Boutique.
 23291 | Orc:2    | Found Zisovatiy's Antique Weapon Shop.
 23331 | Orc:2    | Bought a scroll of silence for 161 gold pieces
 23341 | Orc:2    | Bought a shiny buckler for 157 gold pieces
 23370 | Orc:2    | Bought a +6 ring of strength for 468 gold pieces
 23404 | Orc:2    | Found a staircase to the Elven Halls.
 23850 | Snake:1  | Entered Level 1 of the Snake Pit
 24477 | Snake:2  | Noticed Vashnia
 24579 | Snake:2  | Noticed Roxanne
 24615 | Snake:2  | Killed Vashnia
 24682 | Snake:2  | Reached skill level 10 in Shields
 24775 | Snake:2  | Noticed Asterion
 24795 | Snake:1  | Killed Asterion
 24858 | Snake:2  | Gained mutation: When low on magic, you restore magic in
                  | place of health. [demonic ancestry]
 24858 | Snake:2  | Reached XP level 16. HP: 131/131 MP: 26/26
 24992 | Snake:2  | Noticed Frances
 25003 | Snake:2  | Killed Frances
 25402 | Snake:2  | Killed Roxanne
 25654 | Snake:3  | Reached skill level 15 in Axes
 25660 | Snake:4  | Entered Level 4 of the Snake Pit
 27495 | Snake:4  | Found Cexeiwezuo's Antique Armour Shop.
 27504 | Snake:4  | Bought a runed scarf for 256 gold pieces
 27604 | Snake:4  | Identified the +5 quarterstaff "Titomukh" {speed, Str+2
                  | Int+2}
 27705 | Snake:4  | Reached skill level 15 in Invocations
 28265 | Snake:4  | Reached skill level 10 in Evocations
 28269 | Snake:4  | Reached XP level 17. HP: 91/140 MP: 19/28
 28428 | Snake:4  | Got a serpentine rune of Zot
 28699 | Shoals:1 | Entered Level 1 of the Shoals
 29725 | Shoals:2 | Found Toiqo's Armour Emporium.
 30038 | Shoals:2 | Noticed Nikola
 30067 | Shoals:2 | Killed Nikola
 30276 | Shoals:3 | HP: 6/140 [merfolk javelineer/silver javelin[Ilsuiw] (2)]
 30292 | Shoals:3 | Noticed Ilsuiw
 30296 | Shoals:3 | HP: 1/140 [snapping turtle (11)]
 30298 | Shoals:3 | Mangled by an alligator snapping turtle

Illustrated notes

Levels and vault maps discovered:
D:1:      dreamdust_arrival_beginning_and_end, layout_basic, serial_shops,
          nicolae_shop_statue_plus, fountainhead
D:2:      layout_basic, serial_rivers, chequers_serial_rivers_small_b,
          chequers_serial_rivers_room_a, chequers_serial_rivers_micro_d,
          chequers_serial_rivers_small_b
D:3:      layout_loops_ring, mainiacjoe_overflow_concentric_impassable,
          gammafunk_ghost_icy, uniq_crazy_yiuf_cottage, uniq_grinder,
          uniq_terence
D:4:      layout_loops_cross, minmay_temple_entry_junction
D:5:      layout_gridville, mainiacjoe_overflow_alcove_4,
          mrwooster_statue_mirror, uniq_eustachio
D:6:      layout_basic, worldfamousw_hep_ancestral_shrine,
          kennysheep_orc_sif_temple, uniq_edmund
D:7:      layout_basic, kennysheep_mini_moat, nicolae_elevator_lobby_asterisk
D:8:      layout_gridville
D:9:      layout_roguey, mainiacjoe_overflow_surrounded_room, uniq_maurice
D:10:     layout_stronghold, eino_jars, uniq_fannar
D:11:     minmay_the_grid_3x2 [minmay_the_grid_dragon_b,
          minmay_the_grid_all_tris, minmay_the_grid_pillar_ring,
          minmay_the_grid_square_x, minmay_the_grid_slots,
          minmay_the_grid_prize_diamond_cup], layout_basic, david_lair_shrubbed
D:12:     layout_rooms, orc_0_dummy
D:13:     layout_gridville
D:14:     layout_rooms, david_vaults_4, lemuel_crystal_altar
D:15:     gammafunk_depths_entry_grave, layout_layer_cave, dk_noncrumbling_4,
          minivault_16, uniq_louise
Temple:   nicolae_temple_elliptical
Lair:1:   layout_hall_layers, uniq_sonja, uniq_nergalle, uniq_amaemon
Lair:2:   layout_gridlike, nicolae_snake_entry_squirm,
          gammafunk_ghost_berserking_beasts, dreamdust_gnoll_shepherd,
          serial_bayou_shore_a, uniq_erica
Lair:3:   gammafunk_indiana_jones, layout_regular_city,
          minmay_shoals_entry_centaurs, infiniplex_staircase_pool_2
Lair:4:   layout_regular_city, nicolae_slime_entry_slimehenge,
          columned_hall_lemuel, grunt_megastairs_4, uniq_rupert
Lair:5:   hellmonk_lair_end_abyssal_woods, layout_cave_pods,
          serial_bayou_pond_b, lemuel_oklob_altar
Shoals:1: layout_shoals
Shoals:2: layout_shoals, serial_shops, nicolae_stop_n_shop_1, uniq_nikola
Shoals:3: layout_shoals, serial_shops, nicolae_shop_advertising_works
          [nicolae_subvault_shop_adworks], uniq_ilsuiw
Snake:1:  layout_concentric_octagons
Snake:2:  layout_onion_interference, uniq_asterion, uniq_frances, uniq_roxanne,
          uniq_vashnia
Snake:3:  layout_honeycomb, nicolae_snake_lava_pool, lemuel_fruit_tree
Snake:4:  grunt_snake_rune_spirals, layout_onion, serial_shops,
          nicolae_shop_trees
Orc:1:    layout_diamond_mine, basic_altar
Orc:2:    st_orc_congregation, layout_caves, basic_altar, uniq_donald,
          uniq_snorg, uniq_saint_roka, uniq_jorgrun

Skill      XL: |  1  2  3  4  5  6  7  8  9 10 11 12 13 14 15 16 17 |
---------------+----------------------------------------------------+-----
Armour         | 3 4 5 6 7 8 9 10 11 | 11.6
Shields        | 3 4 5 6 7 8 9 10 11 | 11.4
Axes           | 2 3 4 6 7 8 10 11 12 13 14 15 16 | 16.0
Fighting       | 4 5 6 7 8 9 11 12 13 14 | 14.8
Throwing       | 1 2 3 |  3.3
Dodging        | 1 2 3 |  3.5
Invocations    | 2 6 8 10 11 12 14 15 16 | 16.1
Evocations     | 2 5 7 8 10 | 10.8
Stealth        | |  0.3

Action                   |  1- 3 |  4- 6 |  7- 9 | 10-12 | 13-15 | 16-18 || total
-------------------------+-------+-------+-------+-------+-------+-------++-------
Melee: War axe           |    90 |    85 |   347 |   505 |   912 |     9 ||  1948
       Kick              |    12 |    27 |    86 |   192 |   364 |   173 ||   854
       Broad axe         |       |       |       |       |    67 |   475 ||   542
Throw: Stone             |       |     2 |       |       |       |       ||     2
       Boomerang         |       |     2 |    16 |    22 |    30 |    15 ||    85
       Dart              |       |       |     4 |     2 |     2 |       ||     8
Invok: Upheaval          |       |       |       |       |     9 |     5 ||    14
       Elemental Force   |       |       |       |       |     7 |     4 ||    11
Evoke: Wand              |       |     1 |       |       |     4 |       ||     5
       Tin of tremorston |       |       |       |       |     1 |     2 ||     3
  Use: Scroll            |     4 |     2 |     8 |    14 |    12 |     3 ||    43
       Potion            |       |       |     3 |     5 |     1 |     7 ||    16
 Stab: Invisible         |       |       |       |       |     1 |     1 ||     2
       Paralysed         |       |       |       |       |     7 |     5 ||    12
       Petrified         |       |       |       |       |     2 |       ||     2
       Distracted        |       |       |       |       |     1 |     2 ||     3
       Confused          |       |       |       |       |     2 |       ||     2
Armor: Scale mail        |    15 |       |       |       |       |       ||    15
       Chain mail        |    44 |    55 |     8 |       |   266 |   249 ||   622
       Plate armour      |       |       |   223 |   253 |   275 |       ||   751
Dodge: Dodged            |    35 |    22 |   109 |   217 |   546 |   158 ||  1087
       Repelled          |       |       |       |       |    11 |    32 ||    43
Block: Buckler           |    20 |    14 |    91 |   256 |   615 |   248 ||  1244
       Kite shield       |       |       |       |       |   207 |       ||   207
       Reflection        |       |       |       |       |     7 |    42 ||    49
       Tower shield      |       |       |       |       |       |   389 ||   389

Table legend: (Time is in decaauts)
 A = Elapsed time spent in this place.
 B = Non-inter-level travel time spent in this place.
 C = Inter-level travel time spent in this place.
 D = Time resting spent in this place.
 E = Time spent auto-exploring this place.
 F = Levels seen in this place.
 G = Mean time per level.
                   A        B        C        D        E       F      G
               +--------+--------+--------+--------+--------+-----+--------+
         Total |  30567 |  29150 |   1417 |   2218 |  15860 |  30 | 1018.9 |
       Dungeon |  16360 |  15685 |    675 |   1368 |   8578 |  15 | 1090.7 |
        Temple |    182 |    182 |      0 |      0 |    121 |   1 |  182.0 |
          Lair |   6332 |   5841 |    491 |    351 |   3187 |   5 | 1266.4 |
        Shoals |   1352 |   1330 |     22 |      0 |    745 |   3 |  450.7 |
     Snake Pit |   4551 |   4355 |    196 |    236 |   2660 |   4 | 1137.8 |
  Orcish Mines |   1787 |   1757 |     30 |    263 |    568 |   2 |  893.5 |
               +--------+--------+--------+--------+--------+-----+--------+

Top non-repeatable levels by time:
 Snake:4: 1800 daAuts
    D:11: 1628 daAuts
  Lair:3: 1619 daAuts
    D:10: 1438 daAuts
  Lair:5: 1377 daAuts
  Lair:2: 1376 daAuts
     D:3: 1357 daAuts
     D:4: 1266 daAuts
     D:6: 1246 daAuts
     D:5: 1240 daAuts
 Snake:2: 1165 daAuts
  Lair:1: 1077 daAuts
    D:14: 1036 daAuts
     D:8: 1029 daAuts
     D:2: 1026 daAuts
